 Dungeon Crawl Stone Soup version 0.30-a0-737-gf23d94013f (webtiles) character file.

Game seed: 12610937190680221104

13054 kae the Frost Mage (level 11, -7/92 HPs)
             Began as a White Draconian Transmuter on Feb 1, 2023.
             Was an Elder of Cheibriados.
             Mangled by a death yak (14 damage)
             ... in an ice cave.
             The game lasted 00:14:05 (12901 turns).

kae the Frost Mage (White Draconian Transmuter)    Turns: 12901, Time: 00:14:05

Health: -7/92      AC: 12    Str: 24    XL:     11   Next: 70%
Magic:  0/21       EV: 10    Int: 25    God:    Cheibriados [****..]
Gold:   1083       SH:  0    Dex: 20    Spells: 4/24 levels left

rFire   x . .      SeeInvis .      - Unarmed
rCold   + + +      Faith    .    (shield currently unavailable)
rNeg    . . .      Spirit   +    (body armour unavailable)
rPois   +          Reflect  .    (helmet currently unavailable)
rElec   .          Harm     .    (cloak currently unavailable)
rCorr   .          Rampage  .    (gloves currently unavailable)
Will    .....                    (boots currently unavailable)
Stlth   ++                       G - amulet of guardian spirit
HPRegen 0.35/turn                (no ring)
MPRegen 0.17/turn                (no ring)

@: ice-form, wereblooded, very slow
A: freezing attack, amphibious, boosted hp, (breathe frost), AC +7, large,
unfitting armour, (cold resistance 1), (cold-blooded)
a: End Transformation, Renounce Religion, Bend Time, Temporal Distortion, Slouch


You were in an ice cave.
You worshipped Cheibriados.
Cheibriados was greatly pleased with you.
You were a creature of crystalline ice.
You visited 2 branches of the dungeon, and saw 11 of its levels.
You also visited: Ice Cave.

You collected 1443 gold pieces.
You spent 360 gold pieces at shops.


Innate Abilities, Weirdness & Mutations

You are a creature of crystalline ice.
You have a powerful freezing melee attack.
You are amphibious.
Your maximum health is increased.
Your armour is entirely melded.
You are incapable of wielding weapons or throwing items.
((You can breathe waves of freezing cold which knock back foes.))
((Your icy white scales are hard. (AC +7)))
You cannot fit into any form of body armour.
((Your flesh is cold resistant. (rC+)))
((You are cold-blooded and may be slowed by cold attacks.))


   Skills:
 - Level 1.1 Fighting
 - Level 1.7 Dodging
 + Level 8.0 Unarmed Combat
 + Level 7.0 Spellcasting
 * Level 10.7 Transmutations
 * Level 11.3 Ice Magic
 - Level 2.0 Poison Magic
 + Level 7.7 Invocations


You had 4 spell levels left.
You knew the following spells:

 Your Spells              Type           Power      Damage    Failure   Level
a - Beastly Appendage     Tmut           100%       N/A       1%          1
b - Wereblood             Tmut           58%        N/A       1%          2
c - Spider Form           Tmut/Pois      40%        N/A       1%          3
d - Ice Form              Ice/Tmut       59%        N/A       1%          4
e - Storm Form            Tmut/Air       17%        N/A       99%         7
f - Stone Arrow           Conj/Erth      16%        3d8       21%         3

Your spell library contained the following spells:

 Spells                   Type           Power      Damage    Failure   Level
 Slow                     Hex            32%        N/A       7%          1
 Blink                    Tloc           16%        N/A       10%         2
 Lesser Beckoning         Tloc           16%        N/A       10%         2
 Confusing Touch          Hex            8%         N/A       21%         3
 Gell's Gravitas          Tloc           8%         N/A       21%         3
 Teleport Other           Tloc           8%         N/A       21%         3
 Vampiric Draining        Necr           8%         2d6       21%         3
 Manifold Assault         Tloc           8%         N/A       54%         4
 Summon Forest            Summ/Tloc      4%         N/A       88%         5
 Summon Mana Viper        Hex/Summ       8%         N/A       88%         5
 Summon Cactus Giant      Summ           4%         N/A       100%        6
 Lehudib's Crystal Spear  Conj/Erth      4%         10d3      100%        8
 Animate Armour           Summ/Erth      Unusable   N/A       N/A         4

Inventory:

Missiles
 b - 2 javelins
 c - 71 stones
 g - 39 poisoned darts
 j - 2 throwing nets {=f!f}
 m - 4 atropa-tipped darts
 u - a curare-tipped dart {=f}
 w - a boomerang
Magical Staves
 r - a staff of death {!a}
   (You found it on level 6 of the Dungeon)
 t - a staff of cold {!a}
   (You found it on level 7 of the Dungeon)
 y - a staff of conjuration {!a}
   (You found it on level 8 of the Dungeon)
Jewellery
 E - a +5 ring of evasion
   (You found it on level 2 of the Lair of Beasts)
 G - an amulet of guardian spirit (around neck)
   (You bought it in a shop on level 8 of the Dungeon)
 T - an amulet of faith {!P}
   (You found it on level 9 of the Dungeon)
Wands
 n - a wand of paralysis (10)
   (You found it on level 6 of the Dungeon)
 x - a wand of roots (3)
   (You took it off Psyche on level 8 of the Dungeon)
 F - a wand of mindburst (11)
   (You found it on level 1 of the Lair of Beasts)
Scrolls
 e - 5 scrolls of teleportation {@r4}
 h - 4 scrolls of enchant weapon
 i - a scroll of torment {!r}
 k - 2 scrolls of poison {!r}
 A - 2 scrolls of silence {!r}
 C - 2 scrolls of fog
 H - a scroll of enchant armour
Potions
 a - a potion of curing {@q1}
 d - 2 potions of flight
 f - 4 potions of invisibility
 l - a potion of magic
 o - 2 potions of lignification {!q}
 p - a potion of heal wounds {unknown}
 q - 3 potions of brilliance
 s - a potion of ambrosia
 v - 2 potions of mutation {unknown}
 z - a potion of cancellation {unknown}
 B - a potion of attraction {unknown}
 D - a potion of might

Dungeon Overview and Level Annotations

Branches:
Dungeon (9/15) Zot: 38037  Temple (0/1) D:6            Lair (2/5) D:9 Zot: 15484
  IceCv (1/1) Zot: 8787
  Swamp: Lair:2-3    Shoals: Lair:2-3     Snake: Lair:2-3    Spider: Lair:2-3
    Orc: D:9-12

Altars:
Ashenzari
Cheibriados
Fedhas
Hepliaklqana
Nemelex Xobeh
Okawaru
Qazlal
Uskayaw
Yredelemnul
Zin

Shops:
D:8 *

Annotations:
D:3 2 transporters, tilp's ghost, amateur MeFi
D:5 2 transporters, mopl's ghost, weakling MiDe

## .# ###
##.#
##.###..#
#....#YY#
##....YY##
##..###...#
##..##
##.##
#...#######
##..###.#∩#
#†.###....#
#†.#......#
#.......∩##
##...#####


You could see 3 death yaks.


Message History

You howl as the wereblood boils in your veins!
Your primal bloodlust is almost over.
Your primal bloodlust has ended.
Your transformation is almost over.
Key pressed, stopping explore.
You warm up again.
A yak comes into view. 😎 HP[+34] MP[+12]
You now have 77 max hp (-15).
Your hp is fully restored (77).
Your mp is fully restored (21).
A yak is nearby!
A yak is nearby!
A yak is nearby!
Casting: Wereblood (safe; 1% risk of failure)
Confirm with . or Enter, or press ? or * to list all spells.
You turn into a creature of crystalline ice.
The yak bellows! 😎 HP[+15] MP[-4]
You now have 92 max hp (+15).
Your hp is fully restored (92).
You lost 4 mp, and now have 17/21 mp.
Casting: Ice Form (mildly dangerous; 1% risk of failure)
Confirm with . or Enter, or press ? or * to list all spells.
Your blood is infused with primal strength.
A death yak comes into view.
The death yak bellows!
You hear a bellow!
The yak gores you!
A death yak comes into view.
You hear a bellow! 😕 HP[-6] MP[-3]
You take 6 damage, and now have 86/92 hp.
You lost 3 mp, and now have 14/21 mp.
You hit the yak. You freeze the yak. The yak gores you but does no damage.
You punch the yak! You freeze the yak. 😕 HP[+1] MP[+1]
There are monsters nearby!
You punch the yak! You freeze the yak.
A death yak comes into view.
The yak gores you! The death yak misses you.
You pummel the yak!! You freeze the yak.
You feel a bit better.
You kill the yak!
Cheibriados thoroughly appreciates the change of pace.
The death yak gores you!!
Your Unarmed Combat skill increases to level 8! 😮 HP[-22] MP[-3]
You take 22 damage, and now have 65/92 hp.
MASSIVE DAMAGE!! (PAUSE)
You lost 3 mp, and now have 12/21 mp.
Activating: Slouch (8% risk of failure)
Press: ? - help, Dir - look around, f - activate You can feel time thicken for a moment.
You can no longer step out of the flow of time.
Cheibriados lowers the support of your attributes as your movement quickens.
The death yak barely misses you.
The death yak closely misses you. 😮 MP[-5]
You lost 5 mp, and now have 7/21 mp.
Unknown command.
Activating: Slouch (8% risk of failure)
Press: ? - help, Dir - look around, f - activate You can feel time thicken for a moment.
Cheibriados lowers the support of your attributes as your movement quickens.
You howl as the wereblood boils in your veins!
The death yak gores you.
The death yak gores you! 😮 HP[-10] MP[-6]
You take 10 damage, and now have 55/92 hp.
You lost 6 mp, and now have 1/21 mp.
Unknown command.
You don't have enough magic at the moment.
You punch the death yak! You freeze the death yak. The death yak gores you.
The death yak gores you!
* * * LOW HITPOINT WARNING * * *
😨 HP[-10]
You take 10 damage, and now have 45/92 hp.
Unknown command.
You hit the death yak but do no damage. The death yak gores you.
* * * LOW HITPOINT WARNING * * *
The death yak gores you!!
* * * LOW HITPOINT WARNING * * *
😱 HP[-29] MP[-1]
You take 29 damage, and now have 16/92 hp.
MASSIVE DAMAGE!! (PAUSE)
You lost 1 mp, and now have 0/21 mp.
You pummel the death yak!! You freeze the death yak.
The death yak gores you but does no damage. 😱 MP[+1] Unknown command.
You hit the death yak but do no damage. 😱 HP[+1] Unknown command.
You hit the death yak but do no damage. The death yak closely misses you. x2
The death yak barely misses you.
Unknown command.
You punch the death yak! You freeze the death yak. The death yak gores you.
* * * LOW HITPOINT WARNING * * *
The death yak barely misses you. The death yak gores you!
* * * LOW HITPOINT WARNING * * *
😱 HP[-10]
You take 10 damage, and now have 7/92 hp.
Unknown command.
You hit the death yak but do no damage. The death yak gores you!
You die...

Skill      XL: |  1  2  3  4  5  6  7  8  9 10 11 |
---------------+----------------------------------+-----
Transmutations | 3 4 5 7 8 9 10 | 10.7
Poison Magic   | 1 2 |  2.0
Invocations    | 1 2 3 4 5 6 7 |  7.7
Spellcasting   | 3 4 5 6 7 |  7.0
Unarmed Combat | 4 5 6 7 8 |  8.0
Ice Magic      | 2 4 6 7 10 11 | 11.3
Fighting       | |  1.1
Dodging        | |  1.7

Action                     |  1- 3 |  4- 6 |  7- 9 | 10-12 || total
---------------------------+-------+-------+-------+-------++-------
  Melee: Unarmed           |    98 |   208 |   225 |   287 ||   818
         Headbutt          |     5 |    10 |     1 |       ||    16
         Tailslap          |     7 |    10 |       |       ||    17
         Kick              |     8 |    14 |     1 |       ||    23
         Punch             |     2 |     2 |     1 |     1 ||     6
   Cast: Beastly Appendage |    20 |    23 |     1 |       ||    44
         Spider Form       |       |     8 |     5 |       ||    13
         Wereblood         |       |     3 |    12 |    15 ||    30
         Ice Form          |       |       |    26 |    24 ||    50
         Stone Arrow       |       |       |       |     3 ||     3
 Invoke: Bend Time         |       |       |     2 |       ||     2
         Slouch            |       |       |       |     6 ||     6
  Evoke: Wand              |       |       |       |     1 ||     1
    Use: Scroll            |     2 |     2 |     7 |     9 ||    20
         Potion            |       |     4 |     3 |     2 ||     9
   Stab: Sleeping          |     1 |     2 |     1 |     1 ||     5
         Invisible         |       |     1 |       |       ||     1
 Armour: Skin              |    27 |    49 |    83 |   176 ||   335
  Dodge: Dodged            |    69 |   157 |   191 |   195 ||   612

Levels and vault maps discovered:
D:1:      dpeg_arrival_houses_and_road, layout_loops_corners
D:2:      layout_basic, basic_altar
D:3:      layout_basic, hellmonk_ecumenical_altar_prayer_group,
          gammafunk_ghost_stat_death
D:4:      layout_gridville, kennysheep_mini_moat, old_standard_altar
D:5:      layout_cave_pools, mainiacjoe_overflow_alcove_1,
          gammafunk_ghost_smash, minivault_4, kennysheep_small_circle
D:6:      layout_rooms, dancing_weapons_uskayaw,
          minmay_temple_entry_butterflies, uniq_maggie
D:7:      layout_cave_pods, st_stairs_7
D:8:      layout_basic, chequers_temple_overflow_statue_of_worship,
          fedhas_altar_1, hangedman_decor_peaks_small, nicolae_alphabet_shops,
          hangedman_abyss_or_decor_jellyfish_corner, grunt_ministairs_2,
          uniq_pikel, uniq_psyche
D:9:      layout_basic, okawaru_humans, nicolae_overflow_hidden_temple,
          lair_entry_dummy
Lair:1:   layout_regular_city, grunt_megastairs_2, infiniplex_staircase_pool_2
Lair:2:   layout_long_grid, nicolae_volcano_entry_hallway,
          portal_ice_cave_entry_pillars_2, minivault_23,
          nicolae_quartered_pool_impasse
IceCv:    ice_cave_caverns_03

Notes
Turn   | Place    | Note
-------+----------+-------------------------------------------
     0 | D:1      | kae the Draconian Transmuter began the quest for the Orb.
     0 | D:1      | Reached XP level 1. HP: 16/16 MP: 3/3
     0 | D:1      | magus.rc [v1.11.3]
   288 | D:1      | Reached XP level 2. HP: 17/23 MP: 3/5
   925 | D:2      | Reached XP level 3. HP: 24/28 MP: 4/6
   928 | D:2      | Learned a level 2 spell: Wereblood
   932 | D:2      | Learned a level 3 spell: Spider Form
   996 | D:2      | Reached skill level 3 in Transmutations
  1155 | D:2      | Reached skill level 1 in Poison Magic
  1220 | D:2      | Reached XP level 4. HP: 35/35 MP: 5/7
  1394 | D:2      | You pick up a book of Displacement and begin reading...
  1394 | D:2      | You add the spells Lesser Beckoning, Gell's Gravitas and
                  | Teleport Other to your library.
  1703 | D:2      | Found a snail-covered altar of Cheibriados.
  1879 | D:2      | Became a worshipper of Cheibriados the Contemplative
  2206 | D:3      | Found a transporter.
  2214 | D:3      | Noticed tilp's ghost (amateur MeFi)
  2240 | D:3      | Found a transporter.
  2375 | D:3      | HP: 6/35 [gnoll/+0 flail (8)]
  2382 | D:3      | HP: 8/35 [gnoll/+0 club (3)]
  2395 | D:3      | HP: 5/35 [gnoll/+0 club (7)]
  2405 | D:3      | HP: 10/52 [gnoll/+0 club (1)]
  2602 | D:3      | Reached XP level 5. HP: 40/40 MP: 6/8
  3142 | D:3      | Found a faded altar of an unknown god.
  3279 | D:4      | Reached skill level 2 in Poison Magic
  3383 | D:4      | Reached skill level 1 in Invocations
  3558 | D:4      | Reached * piety under Cheibriados
  3559 | D:4      | Reached skill level 4 in Transmutations
  3581 | D:4      | Found a glowing silver altar of Zin.
  3597 | D:4      | Noticed a phantom
  3615 | D:4      | Killed a phantom
  3616 | D:4      | Reached skill level 3 in Spellcasting
  3616 | D:4      | Reached XP level 6. HP: 37/47 MP: 8/10
  3621 | D:4      | Learned a level 4 spell: Ice Form
  3724 | D:4      | You pick up a book of the Wilderness and begin reading...
  3724 | D:4      | You add the spells Summon Forest, Summon Mana Viper and
                  | Summon Cactus Giant to your library.
  3802 | D:4      | Reached skill level 4 in Unarmed Combat
  3802 | D:4      | Reached skill level 1 in Ice Magic
  3961 | D:4      | Reached skill level 2 in Invocations
  4221 | D:4      | Found a sparkling altar of Nemelex Xobeh.
  4241 | D:4      | Your scales start taking on an icy white colour.
  4241 | D:4      | Reached skill level 2 in Ice Magic
  4241 | D:4      | Reached XP level 7. HP: 25/52 MP: 6/12
  4241 | D:4      | Gained mutation: Your flesh is cold resistant. (rC+) [White
                  | Draconian growth]
  4371 | D:5      | Entered Level 5 of the Dungeon
  4467 | D:5      | HP: 11/49 [gnoll/+0 flail[a gnoll bouda] (11)]
  4467 | D:5      | HP: 4/49 [gnoll/+0 halberd[a gnoll bouda] (7)]
  4472 | D:5      | HP: 3/49 [hound (3)]
  4484 | D:5      | HP: 15/60 [poisoned by a water moccasin]
  4485 | D:5      | Reached skill level 5 in Transmutations
  4485 | D:5      | Reached skill level 3 in Ice Magic
  4490 | D:5      | HP: 12/62 [poisoned by a water moccasin]
  4665 | D:5      | You add the spells Blink, Manifold Assault and Storm Form
                  | to your library.
  4689 | D:5      | Reached ** piety under Cheibriados
  4739 | D:5      | Found a basalt altar of Yredelemnul.
  4809 | D:5      | Reached skill level 3 in Invocations
  5004 | D:5      | Reached skill level 4 in Ice Magic
  5010 | D:5      | Reached XP level 8. HP: 52/59 MP: 5/13
  5284 | D:5      | Reached skill level 4 in Spellcasting
  5341 | D:5      | Reached skill level 6 in Transmutations
  5442 | D:5      | Found a transporter.
  5443 | D:5      | Noticed mopl's ghost (weakling MiDe)
  5465 | D:5      | Found a transporter.
  5731 | D:6      | Identified a scroll of acquirement
  5731 | D:6      | Acquired 886 gold pieces
  5869 | D:6      | Reached skill level 5 in Unarmed Combat
  5869 | D:6      | Reached skill level 5 in Ice Magic
  5872 | D:6      | Reached *** piety under Cheibriados
  5878 | D:6      | Reached skill level 4 in Invocations
  6135 | D:6      | You pick up a book of Debilitation and begin reading...
  6135 | D:6      | You add the spells Slow, Vampiric Draining and Confusing
                  | Touch to your library.
  6170 | D:6      | Found a staircase to the Ecumenical Temple.
  6298 | D:6      | Reached skill level 6 in Ice Magic
  6450 | D:6      | Noticed Maggie
  6464 | D:6      | Killed Maggie
  6465 | D:6      | Reached skill level 7 in Transmutations
  6465 | D:6      | Reached XP level 9. HP: 46/64 MP: 9/15
  6521 | D:6      | Noticed a +0 dagger
  6522 | D:6      | Noticed a +0 hand axe
  6555 | D:6      | Found a hide-covered altar of Uskayaw.
  6615 | D:6      | Learned a level 7 spell: Storm Form
  7470 | D:8      | Reached skill level 5 in Invocations
  7520 | D:8      | Reached **** piety under Cheibriados
  7524 | D:8      | Reached skill level 5 in Spellcasting
  7549 | D:8      | Reached skill level 6 in Unarmed Combat
  7716 | D:8      | Reached skill level 7 in Ice Magic
  7817 | D:8      | Found Geraj's Goods Gallery.
  7819 | D:8      | Noticed Psyche
  7827 | D:8      | Killed Psyche
  7828 | D:8      | Reached skill level 8 in Transmutations
  7833 | D:8      | Noticed Pikel
  7842 | D:8      | Killed Pikel
  7932 | D:8      | Found a blossoming altar of Fedhas.
  7977 | D:8      | Bought an amulet of guardian spirit for 360 gold pieces
  8082 | D:8      | Reached XP level 10. HP: 71/71 MP: 11/18
  8093 | D:8      | Reached skill level 8 in Ice Magic
  8529 | D:8      | Reached ***** piety under Cheibriados
  8561 | D:8      | Found a broken altar of Ashenzari.
  8561 | D:8      | Found a hazy altar of Hepliaklqana.
  8813 | D:9      | Reached skill level 6 in Invocations
  9160 | D:9      | Found an iron altar of Okawaru.
  9250 | D:9      | You pick up a book of Armaments and begin reading...
  9250 | D:9      | You add the spells Stone Arrow and Lehudib's Crystal Spear
                  | to your library.
  9325 | D:9      | Learned a level 3 spell: Stone Arrow
  9479 | D:9      | HP: 15/85 [electric eel/bolt of electricity (8)]
  9900 | D:9      | Reached skill level 9 in Transmutations
  9927 | D:9      | Reached skill level 9 in Ice Magic
 10047 | D:9      | Found a stormy altar of Qazlal.
 10100 | D:9      | Found a staircase to the Lair.
 10121 | D:9      | HP: 18/85 [troll (5)]
 10123 | D:9      | Reached skill level 6 in Spellcasting
 10528 | Lair:1   | Entered Level 1 of the Lair of Beasts
 10528 | Lair:1   | Noticed a cane toad
 10539 | D:9      | Killed a cane toad
 10542 | D:9      | Reached skill level 7 in Unarmed Combat
 10545 | D:9      | HP: 20/85 [wolf (4)]
 10748 | Lair:1   | Noticed a cane toad
 10755 | Lair:1   | Killed a cane toad
 11108 | Lair:1   | Noticed a black mamba
 11111 | Lair:1   | Noticed a death yak
 11111 | Lair:1   | Noticed a death yak
 11116 | Lair:1   | Noticed a death yak
 11121 | Lair:1   | Noticed a death yak
 11121 | Lair:1   | Noticed a death yak
 11121 | Lair:1   | Noticed a death yak
 11122 | Lair:1   | Noticed a death yak
 11124 | Lair:1   | Killed a death yak
 11125 | Lair:1   | Reached skill level 10 in Ice Magic
 11125 | Lair:1   | Reached XP level 11. HP: 50/77 MP: 8/20
 11130 | Lair:1   | Reached skill level 7 in Invocations
 11404 | Lair:1   | Killed a death yak
 11405 | Lair:1   | Reached skill level 10 in Transmutations
 11407 | Lair:1   | HP: 17/92 [death yak (8)]
 11409 | Lair:1   | HP: 8/92 [death yak (10)]
 11829 | Lair:1   | Killed a death yak
 11834 | Lair:1   | HP: 23/92 [death yak (17)]
 11836 | Lair:1   | HP: 9/92 [death yak (6)]
 11836 | Lair:1   | HP: 1/92 [death yak (8)]
 12594 | Lair:2   | Noticed a four-headed hydra
 12606 | Lair:2   | Killed a four-headed hydra
 12607 | Lair:2   | Reached skill level 11 in Ice Magic
 12698 | Lair:2   | Found a frozen archway.
 12708 | IceCv    | Entered an ice cave
 12738 | IceCv    | Reached skill level 7 in Spellcasting
 12887 | IceCv    | Noticed a death yak
 12888 | IceCv    | Noticed a death yak
 12891 | IceCv    | Noticed a death yak
 12893 | IceCv    | Reached skill level 8 in Unarmed Combat
 12896 | IceCv    | HP: 16/92 [death yak (24)]
 12900 | IceCv    | HP: 7/92 [death yak (9)]
 12901 | IceCv    | Mangled by a death yak

Vanquished Creatures
  A hydra (Lair:2)
  3 death yaks (Lair:1)
  Pikel (D:8)
  A torpor snail (Lair:1)
  A black mamba (Lair:1)
  2 cane toads
  Maggie (D:6)
  Psyche (D:8)
  3 polar bears
  A troll (D:9)
  11 yaks
  A wyvern (D:8)
  2 humans (D:9)
  A basilisk (Lair:1)
  A steam dragon (D:8)
  5 water moccasins
  2 orc warriors
  2 black bears
  4 sky beasts
  7 wolves
  A centaur (D:6)
  2 phantoms (D:4)
  2 kobold brigands
  6 bullfrogs
  2 scorpions
  3 necrophages
  2 gnoll sergeants (D:8)
  6 wights
  12 killer bees (D:9)
  5 electric eels (D:9)
  5 howler monkeys
  5 hounds
  3 orc priests
  4 jellies
  4 gnoll boudas
  7 iguanas
  7 orc wizards
  8 adders
  27 gnolls
  A shadow imp (D:6)
  A white imp (D:5)
  3 ufetubi
  A worm (D:2)
  2 dart slugs (D:3)
  28 orcs
  9 ball pythons
  9 endoplasms
  4 giant cockroaches
  2 goblins (D:1)
  2 hobgoblins
  2 jackals (D:2)
  2 quokkas
  8 bats
  4 frilled lizards
  17 kobolds
  7 rats
264 creatures vanquished.

Vanquished Creatures (others)
  A kobold (D:9)
  10 fungi
  5 plants
16 creatures vanquished.

Grand Total: 280 creatures vanquished

Table legend:
 A = Non-vault XP
 B = Vault XP
 C = Vault XP percentage of total XP
 D = Non-vault monster count
 E = Vault monster count
 F = Vault count percentage of total count
                 A         B        C        D         E       F
            +---------+---------+-------+---------+---------+-------
      Total |   13761 |    4888 |  26.2 |     240 |      24 |   9.1
            +---------+---------+-------+---------+---------+-------
        D:1 |      26 |       0 |   0.0 |      17 |       0 |   0.0
        D:2 |      99 |       0 |   0.0 |      28 |       0 |   0.0
        D:3 |      80 |       2 |   2.4 |      16 |       1 |   5.9
        D:4 |     547 |       0 |   0.0 |      20 |       0 |   0.0
        D:5 |     886 |     206 |  18.9 |      28 |       2 |   6.7
        D:6 |     824 |     359 |  30.3 |      15 |       1 |   6.2
        D:7 |     509 |      40 |   7.3 |      18 |       1 |   5.3
        D:8 |    1489 |    1261 |  45.9 |      25 |       8 |  24.2
        D:9 |    2507 |     403 |  13.8 |      47 |       2 |   4.1
     Lair:1 |    5742 |    1356 |  19.1 |      23 |       3 |  11.5
     Lair:2 |    1052 |       0 |   0.0 |       3 |       0 |   0.0
      IceCv |       0 |    1261 | 100.0 |       0 |       6 | 100.0
            +---------+---------+-------+---------+---------+-------

Illustrated notes

Table legend:
 A = Kills in this place as a percentage of kills in entire the game.
 B = Kills by you in this place as a percentage of kills by you in the entire game.
 C = Kills by friends in this place as a percentage of kills by friends in the entire game.
 D = Other kills in this place as a percentage of other kills in the entire game.
 E = Experience gained in this place as a percentage of experience gained in the entire game.
 F = Experience gained in this place divided by the number of levels of this place that you have seen.
                   A       B       C       D       E      F
               +-------+-------+-------+-------+-------+----------------------
         Total | 100.0 | 100.0 |   N/A |   N/A | 100.0 | 1554.1
       Dungeon |  86.7 |  86.7 |   N/A |   N/A |  49.5 | 1026.4
          Lair |  11.0 |  11.0 |   N/A |   N/A |  43.7 | 4075.0
      Ice Cave |   2.3 |   2.3 |   N/A |   N/A |   6.8 | 1261.0
               +-------+-------+-------+-------+-------+----------------------

Table legend: (Time is in decaauts)
 A = Elapsed time spent in this place.
 B = Non-inter-level travel time spent in this place.
 C = Inter-level travel time spent in this place.
 D = Time resting spent in this place.
 E = Time spent auto-exploring this place.
 F = Levels seen in this place.
 G = Mean time per level.
                   A        B        C        D        E       F      G
               +--------+--------+--------+--------+--------+-----+--------+
         Total |  15927 |  15582 |    345 |   1165 |  12153 |  12 | 1327.2 |
       Dungeon |  13204 |  12865 |    339 |    833 |  10234 |   9 | 1467.1 |
          Lair |   2514 |   2509 |      5 |    332 |   1752 |   2 | 1257.0 |
      Ice Cave |    209 |    209 |      0 |      0 |    166 |   1 |  209.0 |
               +--------+--------+--------+--------+--------+-----+--------+

Top non-repeatable levels by time:
     D:9: 2455 daAuts
  Lair:1: 2325 daAuts
     D:8: 1914 daAuts
     D:5: 1606 daAuts
     D:4: 1431 daAuts
     D:3: 1425 daAuts
     D:2: 1285 daAuts
     D:7: 1215 daAuts
     D:6: 1027 daAuts
     D:1: 841 daAuts
   IceCv: 209 daAuts
  Lair:2: 188 daAuts
